 Dungeon Crawl Stone Soup version bcrawl-1.28.5 (webtiles) character file.

Game seed: 5829862202465981900

131739 Mehrunes the Ruffian (level 3, -3/36 HPs)
             Began as a Troll Monk on Jan 24, 2021.
             Slain by an ogre
             ... wielding a +0 giant spiked club
              (8 damage)
             ... on level 2 of the Dungeon.
             The game lasted 00:03:55 (1235 turns).

Mehrunes the Ruffian (Troll Monk)                   Turns: 1235, Time: 00:03:56

Health: -3/36      AC:  5    Str: 20    XL:     3   Next: 64%
Magic:  0/3        EV: 11    Int:  7    God:
Gold:   170        SH:  0    Dex: 12    Spells: 2/2 levels left

rFire    . . .     SeeInvis .     - Claws (17.1)
rCold    . . .     Gourm    +   (no shield)
rNeg     . . .     Faith    .   (armour unavailable)
rPois    .         Spirit   +   a - +0 hat
rElec    .         Reflect  .   (no cloak)
rCorr    .         Harm     .   (gloves unavailable)
MR       .....                  (boots unavailable)
Stlth    ++........             b - amulet of guardian spirit
HPRegen  0.12/turn              (no ring)
MPRegen  0.08/turn              (no ring)

@: very slow
A: large, almost no armour, claws 3, fast metabolism 3, gourmand, AC +5
a: no special abilities


You were on level 2 of the Dungeon.
You were very full.

You visited 1 branch of the dungeon, and saw 2 of its levels.

You collected 170 gold pieces.

Inventory:

Missiles
 i - 117 javelins (quivered)
Armour
 a - a +0 hat (worn)
Jewellery
 b - an amulet of guardian spirit (around neck)
Scrolls
 c - 2 scrolls of remove curse
 f - a scroll of fear {unknown}
 g - a scroll of enchant armour {unknown}
 h - a scroll of identify
Potions
 d - 2 potions of agility {unknown}
 k - 2 potions of mutation {unknown}
Comestibles
 e - 5 rations {!d}
 j - 12 chunks of flesh


   Skills:
 - Level 2.4 Fighting
 + Level 3.2 Dodging
 - Level 1.1 Stealth
 + Level 3.9 Unarmed Combat
   Level 2.0 Invocations


You had 2 spell levels left.
You didn't know any spells.
Your spell library was empty.

Dungeon Overview and Level Annotations

Branches:
Dungeon (2/12)

Altars:
Ru


Innate Abilities, Weirdness & Mutations

You cannot wear most types of armour.
Your thick skin is tough. (AC +5)
You are too large for most types of armour.
You have claws for hands.
Your metabolism is lightning-fast.
You like to eat raw meat.


Message History

You see here 108 stones.
You now have 139 gold pieces (gained 12).
Found a sacrificial altar of Ru.
You now have 153 gold pieces (gained 14).
You now have 170 gold pieces (gained 17).
The ogre shouts!
The ogre closely misses you.
You see here a scroll of remove curse.
Press: ? - help, v - describe, . - travel, g - get item
Here: an ogre, wielding a +0 giant spiked club You see here 117 stones.
The ogre closely misses you.
You see here a +0 club.
You enter the shallow water.
Moving in this stuff is going to be slow.
The ogre hits you with a +0 giant spiked club!!
Ouch! That really hurt!
* * * LOW HITPOINT WARNING * * *
The ogre hits you with a +0 giant spiked club!
You die...

♣≈≈≈÷≈≈♣≈.######
###♣≈≈≈.≈≈♣#......### ###
....♣≈≈.≈♣♣#......... ...
##...♣≈≈.≈♣≈.......# #..
#....♣≈P.≈♣≈#÷.....# #..
#...♣≈≈≈.≈♣≈..)....######..
#..<♣≈≈≈.≈≈≈♣..............
#...≈≈PP.≈O≈≈.......#####..
#...≈PP≈.P@≈♣........##....
##..≈≈≈≈.≈P≈♣..............
#....♣≈≈.≈≈≈≈..............
#.....≈P.≈≈P...............
#......≈.≈≈.....♣♣.≈♣....(.
#...........(...♣≈.♣♣......
#...............♣≈≈≈♣♣.....
##...........♣♣.♣♣≈.♣.#♣#..
♣##.........♣♣♣♣♣≈≈♣♣♣ ♣♣..


You could see an ogre.

Vanquished Creatures
  An ooze (D:1)
  2 worms (D:2)
  A dart slug (D:2)
  6 leopard geckos
  An orc (D:2)
  5 hobgoblins
  3 jackals
  A quokka (D:2)
  A bat (D:1)
  2 frilled lizards
  4 goblins
  3 kobolds
  3 rats (D:2)
33 creatures vanquished.

Notes
Turn   | Place    | Note
-------+----------+-------------------------------------------
     0 | D:1      | Mehrunes the Troll Monk began the quest for the Orb.
     0 | D:1      | Reached XP level 1. HP: 22/22 MP: 1/1
   369 | D:1      | Reached XP level 2. HP: 29/29 MP: 2/2
   868 | D:2      | Noticed an ogre
   951 | D:2      | Reached XP level 3. HP: 27/36 MP: 3/3
  1176 | D:2      | Found a sacrificial altar of Ru.
  1235 | D:2      | Slain by an ogre

Skill      XL: |  1  2 |
---------------+-------+-----
Dodging        | 3 |  3.2
Fighting       | |  2.4
Stealth        | |  1.1
Unarmed Combat | |  3.9
Invocations    | |  2.0

Action                   || total
-------------------------++-------
Melee: Unarmed           ||    72
 Stab: Sleeping          ||     1
  Eat: Chunk             ||    14
Armor: Skin              ||    18
Dodge: Dodged            ||    49
